 Dungeon Crawl Stone Soup version 0.27.1-4-g1640c2035a (webtiles) character file.

Game seed: 10777565060568208232

81 belegose the Sneak (level 4, 0/38 HPs)
             Began as a Ghoul Brigand on Nov 1, 2021.
             Slain by an orc wizard (3 damage)
             ... on level 3 of the Dungeon.
             The game lasted 00:06:37 (2940 turns).

belegose the Sneak (Ghoul Brigand)                  Turns: 2940, Time: 00:06:38

Health: 0/38       AC:  4    Str: 11 (14) XL:     4   Next: 42%
Magic:  3/3        EV: 10    Int:  5 (7)  God:
Gold:   81         SH:  3    Dex:  7 (10) Spells: 3/3 levels left

rFire    . . .     SeeInvis .   o - +0 falchion
rCold    + . .     Faith    .   t - +0 buckler
rNeg     + + +     Spirit   .   f - +0 leather armour
rPois    ∞         Reflect  .   (no helmet)
rElec    .         Harm     .   c - +0 cloak
rCorr    .         Rampage  .   (no gloves)
Will     .....                  (no boots)
Stlth    ++........             (no amulet)
HPRegen  0.00/turn              (no ring)
MPRegen  0.08/turn              (no ring)

@: mighty, flying, inhibited regen
A: claws 1, cold resistance 1, negative energy resistance 3, inhibited
regeneration, torment resistance 2
a: no special abilities


You were on level 3 of the Dungeon.
You visited 1 branch of the dungeon, and saw 3 of its levels.

You collected 81 gold pieces.

Inventory:

Hand Weapons
 a - a +2 dagger
 b - a +0 mace
 o - a +0 falchion (weapon)
Missiles
 d - 28 poisoned darts (quivered)
 k - 18 sling bullets
 p - 5 boomerangs
 q - 36 stones
Armour
 c - a +0 cloak (worn)
 f - a +0 leather armour (worn)
 l - a +0 plate armour
 t - a +0 buckler (worn)
Scrolls
 g - a scroll of immolation {unknown}
 h - a scroll of identify {unknown}
 j - a scroll of vulnerability {unknown}
 r - a scroll of blinking {unknown}
Potions
 i - a potion of flight


   Skills:
 + Level 3.1 Fighting
 - Level 2.2 Short Blades
 + Level 2.5 Throwing
 - Level 0.8 Dodging
 + Level 5.0 Stealth
 + Level 0.6 Shields


You had 3 spell levels left.
You didn't know any spells.
Your spell library contained the following spells:

 Spells                   Type           Power      Damage    Failure   Level
 Airstrike                Air            0%         N/A       100%        4
 Summon Lightning Spire   Summ/Air       0%         N/A       100%        4
 Lightning Bolt           Conj/Air       0%         1d11      100%        5


Dungeon Overview and Level Annotations

Branches:
Dungeon (3/15)

Altars:


Innate Abilities, Weirdness & Mutations

You thrive by killing the living.
You are immune to poison.
You have sharp fingernails.
Your flesh is cold resistant. (rC+)
You are immune to negative energy. (rN+++)
You do not regenerate when monsters are visible.
You are immune to unholy pain and torment.


Message History

Your shield and leather armour prevent you from hitting something.
Something hits you but does no damage.
You barely miss something. Something hits you but does no damage.
You barely miss something. Something hits you but does no damage.
Something hits you.
You closely miss something. Something hits you.
You miss something.
An orc wizard appears from thin air!
Reactivating autopickup.
The orc wizard points at you and mumbles some strange words.
You block the puff of flame.
You miss the orc wizard.
The orc wizard is moderately wounded.
The orc wizard hits you with a +0 dagger.
* * * LOW HITPOINT WARNING * * *
The orc wizard hits you but does no damage.
It was a potion of mutation.
You feel extremely strange.
Your body decomposes!
You feel weakened.
Your body decomposes!
You feel weakened.
The orc wizard hits you with a +0 dagger.
* * * LOW HITPOINT WARNING * * *
It was a potion of might.
You feel very mighty all of a sudden. The orc wizard barely misses you.
You riposte.
Your shield prevents you from hitting the orc wizard.
The orc wizard is moderately wounded.
You completely miss the orc wizard.
The orc wizard is moderately wounded.
The orc wizard hits you with a +0 dagger.
* * * LOW HITPOINT WARNING * * *
You closely miss the orc wizard.
The orc wizard is moderately wounded.
The orc wizard hits you with a +0 dagger.
* * * LOW HITPOINT WARNING * * *
You hit the orc wizard.
The orc wizard is heavily wounded.
The orc wizard completely misses you.
The orc wizard hits you with a +0 dagger.
You die...

#. ..# #..... ###.###
#.o... #...... #.....
##.#.... #.o...###
#<...... #...@..<###
##.#.... #....#....#
#.# #.. #.. #o##.#
###.#....
....##@##.#####........
#.#.......)...#.###.###
#...............# .#
........((####...# #
.......(### #.......
......... ....#.##
.......#. .##.##.#
...(... . #. #.. .
####.. . .... #


You could see an orc wizard.

Vanquished Creatures
  Jessica (D:3)
  4 orcs
  3 ball pythons
  5 bats
  3 endoplasms
  4 giant cockroaches
  3 goblins (D:2)
  7 hobgoblins
  2 quokkas (D:2)
  3 frilled lizards (D:2)
  4 kobolds
  7 rats
46 creatures vanquished.

Vanquished Creatures (others)
  2 plants (D:1)
  5 withered plants (D:1)
7 creatures vanquished.

Grand Total: 53 creatures vanquished

Notes
Turn   | Place    | Note
-------+----------+-------------------------------------------
     0 | D:1      | belegose the Ghoul Brigand began the quest for the Orb.
     0 | D:1      | Reached XP level 1. HP: 17/17 MP: 0/0
   344 | D:1      | Reached XP level 2. HP: 22/25 MP: 1/1
   975 | D:1      | Found a faded altar of an unknown god.
  1328 | D:2      | Reached XP level 3. HP: 19/30 MP: 2/2
  2605 | D:3      | Noticed Jessica
  2885 | D:3      | Killed Jessica
  2886 | D:3      | Reached skill level 5 in Stealth
  2886 | D:3      | Reached XP level 4. HP: 38/38 MP: 3/3
  2940 | D:3      | Slain by an orc wizard

Illustrated notes

Levels and vault maps discovered:
D:1:      lightli_arrival_statue_moat, layout_loops_cross,
          shapermc_ecumenical_altar_flowoftime
D:2:      layout_loops_ring, roderic_roman_lattice, bh_walls_and_bars
D:3:      layout_basic, mainiacjoe_overflow_alcove_4, minitemple, serial_shops,
          nicolae_shop_behind_doors, uniq_jessica, uniq_natasha, uniq_ijyb,
          uniq_robin

Skill      XL: |  1  2  3 |
---------------+----------+-----
Short Blades   | 2 |  2.2
Throwing       | 2 |  2.5
Fighting       | 3 |  3.1
Stealth        | 5 |  5.0
Dodging        | |  0.8
Shields        | |  0.6

Action                   |  1- 3 |  4- 6 || total
-------------------------+-------+-------++-------
Melee: Dagger            |    98 |       ||    98
       Mace              |    80 |       ||    80
       Falchion          |     8 |    30 ||    38
Throw: Dart              |     8 |       ||     8
  Use: Potion            |       |     5 ||     5
 Stab: Sleeping          |    11 |       ||    11
Armor: Robe              |    62 |       ||    62
       Leather armour    |     5 |    11 ||    16
Dodge: Dodged            |    96 |     8 ||   104
Block: Buckler           |     1 |     3 ||     4
       Rpst.: Falchion   |     2 |     3 ||     5
